 Dungeon Crawl Stone Soup version 0.29.0-11-gd7f09526c8 (webtiles) character file.

Game seed: 16594914833434786727

20428 sanka the Grappler (level 12, -4/126 HPs)
             Began as a Troll Monk on Sept 2, 2022.
             Was a High Priest of Okawaru.
             Slain by a boulder beetle (23 damage)
             ... on level 13 of the Dungeon.
             The game lasted 00:20:19 (9235 turns).

sanka the Grappler (Troll Monk)                     Turns: 9235, Time: 00:20:20

Health: -4/126     AC:  6    Str: 34    XL:     12   Next: 45%
Magic:  15/16      EV: 16    Int:  6    God:    Okawaru [*****.]
Gold:   860        SH:  0    Dex: 19    Spells: 11/11 levels left

rFire   + . .      SeeInvis +     - Unarmed
rCold   . . .      Faith    .   (no shield)
rNeg    . . .      Spirit   .   B - +2 robe of Impermeability {Dex+7}
rPois   .          Reflect  .   (helmet restricted)
rElec   .          Harm     .   G - scarf {rC+ rF+}
rCorr   .          Rampage  .   (gloves unavailable)
Will    +....                   (boots unavailable)
Stlth   +++.......              R - amulet "Qucechin" {Acrobat rC- Str+8 SInv}
HPRegen 1.11/turn               (no ring)
MPRegen 0.15/turn               i - ring of willpower

@: heroic
A: large, unfitting armour, claws 3, regeneration 1, shaggy fur 1, tough skin 1
a: Renounce Religion, Heroism, Finesse, Duel


You were on level 13 of the Dungeon.
You worshipped Okawaru.
Okawaru was extremely pleased with you.
You visited 1 branch of the dungeon, and saw 13 of its levels.

You collected 860 gold pieces.


Innate Abilities, Weirdness & Mutations

You are too large for most types of armour.
You have claws for hands.
Your natural rate of healing is unusually fast.
You are covered in fur. (AC +1)
You have tough skin. (AC +1)


   Skills:
 - Level 10.0(15.0) Fighting
 + Level 5.6(10.6) Dodging
 - Level 1.0(6.0) Stealth
 + Level 14.9(19.9) Unarmed Combat
 + Level 6.8 Invocations


You had 11 spell levels left.
You didn't know any spells.
Your spell library contained the following spells:

 Spells                   Type           Power      Damage    Failure   Level
 Necrotise                Necr           0%         1d4       45%         1
 Shock                    Conj/Air       0%         1d3       45%         1
 Poisonous Vapours        Pois/Air       0%         N/A       58%         2
 Static Discharge         Conj/Air       0%         3-3/arc   58%         2
 Wereblood                Tmut           0%         N/A       58%         2
 Gell's Gravitas          Tloc           0%         N/A       83%         3
 Ignite Poison            Fire/Tmut/Pois 0%         N/A       83%         3
 Lesser Beckoning         Tloc           0%         N/A       83%         3
 Mephitic Cloud           Conj/Pois/Air  0%         N/A       83%         3
 Swiftness                Air            0%         N/A       83%         3
 Teleport Other           Tloc           0%         N/A       83%         3
 Airstrike                Air            0%         2d(0-16)  99%         4
 Freezing Cloud           Conj/Ice/Air   0%         6-21      100%        5

Inventory:

Hand Weapons
 S - the +12 glaive of Prune {vorpal}

   It inflicts extra damage upon your enemies.
   It halves damage taken while paralysed, petrified or unconscious.
Missiles
 I - 4 throwing nets {=f}
 J - a curare-tipped dart {=f}
 M - 6 javelins
Armour
 s - the +1 robe of the Valley of Death {-Cast Regen+ rCorr Dex+4}

   Dex:       It affects your dexterity (+4).
   -Cast:     It prevents spellcasting.
   Regen:     It increases your rate of health regeneration.
   rCorr:     It protects you from acid and corrosion.
 B - the +2 robe of Impermeability (worn) {Dex+7}

   Dex:       It affects your dexterity (+7).
 G - a scarf of resistance (worn)
 L - a +0 kite shield
 U - +0 acid dragon scales
Magical Staves
 x - a staff of cold
 y - a staff of air
 K - a staff of fire
Jewellery
 i - a ring of willpower (right claw)
 r - a ring of ice
 R - the amulet "Qucechin" (around neck) {Acrobat rC- Str+8 SInv}

   [amulet of the acrobat]

   It increases your evasion while moving and waiting.
   Str:       It affects your strength (+8).
   rC:        It makes you vulnerable to cold.
   SInv:      It lets you see invisible.
Wands
 q - a wand of roots (31)
 z - a wand of polymorph (13)
 D - a wand of digging (12)
 N - a wand of flame (10)
Scrolls
 a - a scroll of identify {@r1}
 c - 2 scrolls of blinking
 d - 2 scrolls of magic mapping
 g - 9 scrolls of teleportation {@r4}
 j - a scroll of noise {!r}
 k - 3 scrolls of vulnerability {!r}
 m - 3 scrolls of immolation {!r}
 o - 3 scrolls of fear
 u - 4 scrolls of amnesia
 v - 4 scrolls of enchant armour
 E - 4 scrolls of enchant weapon
 O - 3 scrolls of silence {!r}
 W - a scroll of torment {!r}
Potions
 b - 3 potions of ambrosia
 e - a potion of lignification {unknown}
 f - 5 potions of curing {@q1}
 h - a potion of berserk rage {unknown}
 l - 2 potions of resistance {unknown}
 n - 2 potions of cancellation {unknown}
 t - a potion of haste {unknown}
 w - a potion of invisibility
 A - 3 potions of mutation {unknown}
 C - a potion of might {unknown}
 F - a potion of heal wounds {unknown}
 H - 3 potions of flight {unknown}
 Q - a potion of attraction {unknown}
Miscellaneous
 T - a lightning rod (4/4)

Dungeon Overview and Level Annotations

Branches:
Dungeon (13/15)            Temple (0/1) D:4            Lair (0/5) D:8
    Orc (0/2) D:9
 Vaults: D:13-14

Altars:
Cheibriados
Kikubaaqudgha
Nemelex Xobeh
Okawaru
Ru
Uskayaw
Yredelemnul
The Shining One

Annotations:
D:9 exclusion: downstairs
D:10 1 transporter, 3 runed translucent doors, diceflayer's ghost, novice DsFi
D:12 1 runed translucent door

▒ ▒▒▒▒.▒▒▒▒▒▒▒.▒ ▒
▒............▒ ▒▒ ▒
▒.▒▒.▒..▒▒▒▒▒ .▒
▒.▒▒.▒▒.▒..▒ .▒
▒.......▒..▒ >▒
▒▒▒▒.▒▒▒▒.*▒▒▒▒▒▒▒▒
.▒▒▒▒▒ ▒.▒ ▒.Q▒▒.....▒
.....▒▒▒.▒▒▒▒.cc▒.....▒
.........▒▒...ccT.....▒
.....▒▒▒▒▒▒.▒..B▒....£▒
.▒.▒▒▒ ......▒▒.....▒
.▒.▒ .▒▒.▒▒.▒▒▒▒▒▒▒▒
.▒.▒ ▒ ▒. ▒°▒ .▒.▒ ▒
▒.▒ ▒▒.▒ ▒. ...▒ ▒. ▒▒▒


You could see a boulder beetle, a tengu conjurer, 4 centaurs and a battlesphere
(distracted).


Message History

The centaur zaps a wand.
You easily resist.
The boulder beetle barely misses you.
Unknown command.
You scratch the boulder beetle but do no damage.
A battlesphere comes into view.
The centaur hits you.
* * * LOW HITPOINT WARNING * * *
The centaur barely misses you.
The centaur zaps a wand.
Your mind is blasted!
* * * LOW HITPOINT WARNING * * *
The battlesphere moves out of view.
You claw the boulder beetle!
The boulder beetle is lightly wounded.
The boulder beetle bites you!!
* * * LOW HITPOINT WARNING * * *
The centaur barely misses you.
The centaur kicks you but does no damage.
The centaur misses you. The centaur barely misses you.
Unknown command.
You claw the boulder beetle!
The boulder beetle is moderately wounded.
The centaur hits you but does no damage.
The centaur completely misses you. The centaur closely misses you.
The centaur kicks you but does no damage.
The boulder beetle bites you!!
You die...

Action                   |  1- 3 |  4- 6 |  7- 9 | 10-12 || total
-------------------------+-------+-------+-------+-------++-------
Melee: Unarmed           |    52 |   110 |   224 |   347 ||   733
       Punch             |     1 |     5 |     9 |    36 ||    51
Invok: Heroism           |       |       |     6 |    15 ||    21
  Use: Scroll            |       |       |    10 |     7 ||    17
       Potion            |       |       |       |     1 ||     1
 Stab: Sleeping          |     2 |     1 |     1 |       ||     4
Armor: Robe              |    22 |    44 |    48 |    49 ||   163
       Acid dragon scale |       |       |       |    18 ||    18
Dodge: Dodged            |    22 |    45 |    97 |   204 ||   368

Levels and vault maps discovered:
D:1:      wander_arrival_lonely_grave, layout_basic,
          shapermc_ecumenical_altar_rom_forum
D:2:      layout_loops_cross, uniq_jessica, uniq_sigmund, uniq_natasha
D:3:      kennysheep_six_static_rooms, layout_basic, corexii_corridor_pit
D:4:      layout_loops_ring, yredelemnul_forgotten_temple_becter,
          okawaru_trees_1, mainiacjoe_overflow_cross_hatched, temple_statues,
          kennysheep_generic_room_15, uniq_ijyb, uniq_grinder
D:5:      layout_rooms, kiku_gazebo_pond_becter, lemuel_doored_altar,
          nicolae_overflow_crystal_walls
D:6:      layout_cave_pods
D:7:      layout_cave_pools, uniq_prince_ribbit1, uniq_pikel, uniq_duvessa,
          uniq_menkaure
D:8:      layout_gridville, mainiacjoe_overflow_concentric_impassable,
          david_lair_generic
D:9:      minmay_the_grid_3x2 [minmay_the_grid_expand,
          minmay_the_grid_zigzag_pyramid, minmay_the_grid_large_cup,
          minmay_the_grid_small_cups, minmay_the_grid_plusring,
          minmay_the_grid_prize_diamond_cup], layout_rooms,
          minmay_orc_entry_temple_small, st_stairs_7,
          eino_small_chamber_without_monster
D:10:     layout_roguey, grunt_nemelex_the_gamble, biasface_ghost_orc_armoury,
          kennysheep_donut, hangedman_decor_growths, uniq_grum
D:11:     layout_roguey
D:12:     lemuel_insect_pit, layout_long_grid, kennysheep_generic_room_3
D:13:     layout_loops_cross, erik_vaults_2, minmay_misc_feat_rugged,
          mikee_hates_you

Notes
Turn   | Place    | Note
-------+----------+-------------------------------------------
     0 | D:1      | sanka the Troll Monk began the quest for the Orb.
     0 | D:1      | Reached XP level 1. HP: 22/22 MP: 0/0
   109 | D:1      | Reached XP level 2. HP: 28/29 MP: 1/1
   421 | D:1      | Reached skill level 4 in Unarmed Combat
   560 | D:1      | Found a faded altar of an unknown god.
   567 | D:1      | Got Plato's Commentary on Maleficent Arts
   925 | D:2      | Reached XP level 3. HP: 30/36 MP: 2/2
   952 | D:2      | Noticed Natasha
   960 | D:2      | Killed Natasha
  1060 | D:2      | Noticed Natasha
  1071 | D:2      | Killed Natasha
  1072 | D:2      | Reached skill level 5 in Unarmed Combat
  1072 | D:2      | Reached XP level 4. HP: 44/44 MP: 3/3
  1235 | D:2      | Noticed Natasha
  1243 | D:2      | Killed Natasha
  1244 | D:2      | Reached XP level 5. HP: 45/50 MP: 4/4
  1276 | D:2      | Noticed Jessica
  1277 | D:2      | Killed Jessica
  1278 | D:2      | Reached skill level 6 in Unarmed Combat
  1554 | D:2      | Noticed Sigmund
  1569 | D:2      | Killed Sigmund
  1570 | D:2      | Reached skill level 7 in Unarmed Combat
  1570 | D:2      | Reached XP level 6. HP: 50/59 MP: 5/5
  2157 | D:3      | Identified the +1 robe of the Valley of Death {-Cast Regen+
                  | rCorr Dex+4}
  2363 | D:4      | Noticed Grinder
  2366 | D:4      | Paralysed by Grinder for 4 turns
  2377 | D:4      | Killed Grinder
  2378 | D:4      | Reached skill level 8 in Unarmed Combat
  2378 | D:4      | Reached XP level 7. HP: 28/66 MP: 6/6
  2515 | D:4      | Found a snail-covered altar of Cheibriados.
  2573 | D:4      | Noticed Ijyb
  2582 | D:4      | Killed Ijyb
  2616 | D:4      | Found an iron altar of Okawaru.
  2622 | D:4      | Found a staircase to the Ecumenical Temple.
  2623 | D:4      | Became a worshipper of Warmaster Okawaru
  2623 | D:4      | Reached * piety under Okawaru
  2623 | D:4      | Reached ** piety under Okawaru
  2896 | D:4      | Found a basalt altar of Yredelemnul.
  3000 | D:5      | Entered Level 5 of the Dungeon
  3102 | D:5      | Found a sacrificial altar of Ru.
  3194 | D:5      | Found a hide-covered altar of Uskayaw.
  3329 | D:5      | Reached skill level 1 in Invocations
  3349 | D:5      | Reached skill level 9 in Unarmed Combat
  3360 | D:5      | Found an ancient bone altar of Kikubaaqudgha.
  3609 | D:6      | Reached skill level 2 in Invocations
  3663 | D:6      | Reached XP level 8. HP: 74/74 MP: 8/8
  3722 | D:6      | Reached skill level 3 in Invocations
  4143 | D:6      | Reached skill level 4 in Invocations
  4422 | D:6      | Reached skill level 10 in Unarmed Combat
  4466 | D:7      | Noticed Prince Ribbit
  4475 | D:6      | Reached skill level 3 in Fighting
  4477 | D:6      | Killed Prince Ribbit
  4477 | D:6      | Reached *** piety under Okawaru
  4530 | D:7      | Reached XP level 9. HP: 84/84 MP: 11/11
  4600 | D:7      | Noticed Duvessa
  4615 | D:7      | Noticed Dowan
  4623 | D:7      | Killed Duvessa
  4624 | D:7      | Reached skill level 4 in Fighting
  4626 | D:7      | Killed Dowan
  4791 | D:7      | Noticed Pikel
  4796 | D:7      | Killed Pikel
  4796 | D:7      | Reached **** piety under Okawaru
  4797 | D:7      | Reached skill level 5 in Fighting
  4797 | D:7      | Reached skill level 11 in Unarmed Combat
  4923 | D:7      | Noticed Menkaure
  4928 | D:7      | Killed Menkaure
  5061 | D:8      | Identified the +0 leather armour of the Locust {Fly rC-
                  | rN+++ Regen+}
  5077 | D:8      | Found a glowing golden altar of the Shining One.
  5079 | D:8      | Identified a scarf of resistance
  5312 | D:8      | Noticed an elephant
  5357 | D:8      | Reached skill level 6 in Fighting
  5380 | D:8      | Killed an elephant
  5380 | D:8      | Reached ***** piety under Okawaru
  5381 | D:8      | Reached skill level 12 in Unarmed Combat
  5390 | D:8      | Found a staircase to the Lair.
  5500 | D:8      | Got Mochas's Secret Knowledge, Part Two
  5587 | D:9      | Reached XP level 10. HP: 85/100 MP: 9/12
  5639 | D:9      | Received a gift from Okawaru
  5703 | D:9      | Reached skill level 7 in Fighting
  5873 | D:9      | Found a staircase to the Orcish Mines.
  6109 | D:9      | Noticed a boulder beetle
  6123 | D:9      | Killed a boulder beetle
  6124 | D:9      | Reached skill level 13 in Unarmed Combat
  6201 | D:9      | Reached skill level 8 in Fighting
  6292 | D:9      | Noticed a wizard
  6304 | D:9      | Killed a wizard
  6320 | D:9      | Reached XP level 11. HP: 113/113 MP: 13/13
  6339 | D:9      | Noticed a wolf spider
  6339 | D:9      | Found the +12 glaive of Prune {vorpal}
  6345 | D:9      | Killed a wolf spider
  6346 | D:9      | Noticed a deep elf pyromancer
  6353 | D:9      | Killed a deep elf pyromancer
  6353 | D:9      | Received a gift from Okawaru
  6495 | D:9      | Identified the amulet "Qucechin" {Acrobat rC- Str+8 SInv}
  6503 | D:9      | Identified the +2 pair of gloves of Sathralaon {Contam Harm
                  | *Corrode SInv}
  6595 | D:10     | Entered Level 10 of the Dungeon
  6635 | D:10     | Noticed a two-headed ogre
  6651 | D:10     | Killed a two-headed ogre
  6784 | D:10     | Noticed Grum
  6794 | D:10     | Killed Grum
  6796 | D:10     | Reached skill level 3 in Dodging
  6862 | D:10     | Identified +0 acid dragon scales
  6909 | D:10     | Reached skill level 14 in Unarmed Combat
  6924 | D:10     | Reached skill level 9 in Fighting
  7258 | D:10     | Found a sparkling altar of Nemelex Xobeh.
  7258 | D:10     | Found a transporter.
  7258 | D:10     | Noticed a stone giant
  7259 | D:10     | Noticed a tengu warrior
  7309 | D:10     | Found a runed translucent gate.
  7309 | D:10     | Noticed diceflayer's ghost (novice DsFi)
  7310 | D:10     | Found a runed translucent gate.
  7311 | D:10     | Found a runed translucent gate.
  7388 | D:11     | Noticed a boulder beetle
  7405 | D:11     | Killed a boulder beetle
  7406 | D:11     | Reached skill level 5 in Invocations
  7721 | D:11     | Identified the +2 robe of Impermeability {Dex+7} (Okawaru
                  | gifted it to you on level 11 of the Dungeon)
  7721 | D:11     | Received a gift from Okawaru
  7751 | D:11     | Reached skill level 4 in Dodging
  8320 | D:12     | Noticed a red ugly thing
  8334 | D:12     | Killed a red ugly thing
  8361 | D:12     | Noticed a deep elf pyromancer
  8373 | D:12     | Killed a deep elf pyromancer
  8374 | D:12     | Reached skill level 6 in Invocations
  8374 | D:12     | Reached XP level 12. HP: 113/124 MP: 13/15
  8451 | D:12     | Noticed a centaur warrior
  8486 | D:12     | Killed a centaur warrior
  8627 | D:12     | Found a runed translucent door.
  8629 | D:12     | Found a runed translucent door.
  8702 | D:12     | Identified +0 acid dragon scales
  8857 | D:12     | Reached skill level 5 in Dodging
  9011 | D:13     | Noticed a seven-headed hydra
  9188 | D:13     | Reached skill level 10 in Fighting
  9223 | D:13     | Noticed a centaur warrior
  9224 | D:13     | Noticed a boulder beetle
  9228 | D:13     | Killed a centaur warrior
  9235 | D:13     | Slain by a boulder beetle

Vanquished Creatures
  2 boulder beetles
  2 centaur warriors
  A two-headed ogre (D:10)
  Pikel (D:7)
  A wizard (D:9)
  A wolf spider (D:9)
  2 deep elf pyromancers
  An ugly thing (D:12)
  An elephant (D:8)
  A gargoyle (D:13)
  2 unseen horrors (D:11)
  2 komodo dragons (D:11)
  3 meliai (D:13)
  A troll (D:12)
  Prince Ribbit (D:6)
  Grinder (D:4)
  13 slime creatures
  Sigmund (D:2)
  15 yaks
  3 vampires (D:9)
  2 wyverns
  4 wraiths
  A shadow (D:13)
  Grum (D:10)
  Menkaure (D:7)
  A vampire mosquito (D:12)
  3 acid dragons
  A water moccasin (D:9)
  Duvessa (D:7)
  3 orc warriors (D:9)
  2 ice beasts
  3 black bears
  A sky beast (D:6)
  2 ogres (D:6)
  4 wolves (D:10)
  5 centaurs
  4 bullfrogs
  3 kobold brigands
  4 gnoll sergeants
  8 scorpions
  10 wights
  Dowan (D:7)
  8 killer bees
  2 howler monkeys
  2 hounds
  3 jellies
  5 orc priests
  A gnoll bouda (D:6)
  Jessica (D:2)
  5 iguanas
  Natasha (thrice) (D:2)
  5 orc wizards
  Ijyb (D:4)
  6 adders
  22 gnolls
  A shadow imp (D:7)
  A white imp (D:5)
  2 ufetubi
  2 worms (D:3)
  4 dart slugs
  22 orcs
  5 endoplasms
  6 giant cockroaches
  4 goblins
  4 hobgoblins
  6 jackals
  16 kobolds
  2 quokkas
  5 ball pythons
  11 bats
  4 frilled lizards
  4 rats
  A spectral orc (D:4)
284 creatures vanquished.
